 Dungeon Crawl Stone Soup version 0.18.1-48-g4cf74bf (webtiles) character file.

215 meme the Magician (level 5, 0/28 HPs)
             Began as a Deep Elf Air Elementalist on July 9, 2016.
             Slain by a giant frog (4 damage)
             ... in a sewer.
             The game lasted 00:19:00 (1718 turns).

meme the Magician (Deep Elf Air Elementalist)       Turns: 1718, Time: 00:19:03

Health: 0/28       AC:  3    Str:  6    XL:     5   Next: 60%
Magic:  11/13      EV: 14    Int: 20    God:
Gold:   51         SH:  0    Dex: 15    Spells: 3 memorised, 7 levels left

rFire  . . .     SeeInvis .     f - +0 whip (drain)
rCold  . . .     Gourm    .     a - +0 robe
rNeg   . . .     Faith    .     (no shield)
rPois  .         Spirit   .     (no helmet)
rElec  .         Dismiss  .     (no cloak)
rCorr  .         Reflect  .     g - +0 pair of gloves
SustAt .         Harm     .     (no boots)
MR     .....                    (no amulet)
Stlth  +++.......               (no ring)
                                k - ring of stealth

@: very slightly contaminated, not resistant to hostile enchantments, fairly
stealthy
A: no striking features
a: no special abilities


You were in a sewer.
You were not hungry.

You visited 1 branch of the dungeon, and saw 3 of its levels.
You also visited: Sewer.

You collected 51 gold pieces.

Inventory:

Hand Weapons
 d - a +0 hand axe
 f - a +0 whip of draining (weapon)
Armour
 a - a +0 robe (worn)
 g - a +0 pair of gloves (worn)
Jewellery
 k - a ring of stealth (left hand)
Scrolls
 j - a scroll of recharging {unknown}
Potions
 e - a potion of flight
Books
 b - a book of Air

   Spells                             Type                      Level
   a - Shock                          Conjuration/Air              1
   b - Swiftness                      Charms/Air                   2
   c - Repel Missiles                 Charms/Air                   2
   d - Static Discharge               Conjuration/Air              3
   e - Lightning Bolt                 Conjuration/Air              5
Comestibles
 c - 2 bread rations


   Skills:
 + Level 0.1 Fighting
 + Level 0.1 Axes
 + Level 3.6 Dodging
 + Level 3.0 Stealth
 + Level 4.6 Spellcasting
 + Level 3.1 Conjurations
 + Level 4.1 Air Magic


You had 7 spell levels left.
You knew the following spells:

 Your Spells              Type           Power        Failure   Level  Hunger
a - Shock                 Conj/Air       ###.         2%          1    None
b - Swiftness             Chrm/Air       ##......     10%         2    #......
c - Static Discharge      Conj/Air       ###.....     10%         3    ##.....


Dungeon Overview and Level Annotations

Branches:
Dungeon (3/15)

Altars:
Elyvilon
Kikubaaqudgha


Message History

Moving in this stuff is going to be slow.
The giant frog closely misses you. The giant frog completely misses you.
The giant frog closely misses you.
The giant frog hits you but does no damage.
The giant frog hits you! The giant frog hits you! The giant frog misses you.
The giant frog hits you.
* * * LOW HITPOINT WARNING * * *
Drink which item? (? for menu, Esc to quit)
Magic courses through your body. The giant frog hits you.
* * * LOW HITPOINT WARNING * * *
The giant frog barely misses you. The giant frog closely misses you.
Drink which item? (? for menu, Esc to quit)
Okay, then.
Casting: Shock
Confirm with . or Enter, or press ? or * to list all spells.
You miscast Static Discharge.
You are very lightly contaminated with residual magic.
Nothing appears to happen.
The giant frog completely misses you. The giant frog closely misses you.
The giant frog hits you.
You die...

≈≈##≈≈≈≈.#######≈.≈≈≈##≈≈≈≈#
≈##≈≈≈≈###≈≈≈≈≈###≈≈.≈##≈≈≈##
≈#≈.≈.##≈≈≈≈≈≈.≈≈##≈≈≈≈#≈..≈#
##≈≈≈##≈≈≈≈≈≈...≈≈##≈≈.##.≈≈##
#.≈≈≈# ≈≈≈≈.!(..≈≈≈#≈≈≈.#.≈..#
#≈≈.≈# ≈≈≈.≈.$%?.≈≈#.≈..#...∩#
#≈≈≈≈# ≈†≈≈.≈≈.≈≈≈≈#≈≈≈≈#≈≈≈.#
##≈.†##≈≈.≈.≈≈sFF≈≈#.≈≈##.≈≈##
≈#≈.†≈##≈≈≈†≈≈≈≈@≈≈#≈≈.#≈†≈≈#
≈##≈≈≈.###≈≈≈≈≈#≈≈##.≈##≈≈≈##
≈≈##≈≈≈.≈#######†≈#..##†.≈≈#
≈≈≈###≈≈≈..≈.≈.†≈##≈≈#≈≈≈≈##
≈.†≈.####.≈≈.≈≈..#≈≈.≈≈≈≈##
#.≈≈≈≈≈≈#≈∩≈#######(≈≈####
####..≈≈#####≈..≈≈#.≈##
∩≈≈####≈≈≈≈≈≈≈.≈≈≈####
#....≈#########.≈≈#


You could see 2 giant frogs and a giant cockroach.

Vanquished Creatures
  5 adders
  14 oozes (Sewer)
  2 dart slugs
  9 giant geckos (Sewer)
  6 bats (D:1)
  9 giant cockroaches
  2 goblins (D:1)
  8 hobgoblins
  8 jackals (D:2)
  8 kobolds
  17 ball pythons
  7 giant newts
  2 rats
97 creatures vanquished.

Notes
Turn   | Place    | Note
--------------------------------------------------------------
     0 | D:1      | meme the Deep Elf Air Elementalist began the quest for the Orb.
     0 | D:1      | Reached XP level 1. HP: 10/10 MP: 6/6
   118 | D:1      | Reached XP level 2. HP: 15/15 MP: 2/8
   123 | D:1      | Learned a level 2 spell: Swiftness
   450 | D:2      | Found an ancient bone altar of Kikubaaqudgha.
   453 | D:2      | Found a white marble altar of Elyvilon.
   459 | D:2      | Reached XP level 3. HP: 19/19 MP: 4/9
   711 | D:2      | Learned a level 2 spell: Swiftness
   715 | D:2      | Learned a level 3 spell: Static Discharge
   892 | D:3      | Found a glowing drain.
   894 | D:3      | Reached XP level 4. HP: 21/24 MP: 7/11
   905 | Sewer    | Entered a sewer
  1295 | Sewer    | Reached XP level 5. HP: 23/28 MP: 7/13
  1718 | Sewer    | Slain by a giant frog

Skill      XL: |  1  2  3  4  5 |
---------------+----------------+-----
Dodging        | 3 |  3.6
Conjurations   | 2 3 |  3.1
Spellcasting   | 4 |  4.6
Air Magic      | 4 |  4.1
Stealth        | 3 |  3.0
Fighting       | |  0.1
Axes           | |  0.1

Action                   |  1- 3 |  4- 6 || total
-------------------------+-------+-------++-------
Melee: Hand axe          |    19 |       ||    19
       Whip              |     8 |    18 ||    26
 Cast: Shock             |    65 |   101 ||   166
       Static Discharge  |     2 |     4 ||     6
  Use: Potion            |     7 |     1 ||     8
       Scroll            |     3 |     1 ||     4
  Eat: Chunk             |       |     3 ||     3
Armor: Robe              |    21 |    14 ||    35
Dodge: Dodged            |    65 |    52 ||   117
